 Dungeon Crawl Stone Soup version 0.21-a0-404-g291f19a (webtiles) character file.

25 Spazmo the Firebug (level 2, 0/15 HPs)
             Began as a Deep Elf Fire Elementalist on Oct 30, 2017.
             Slain by a goblin
             ... wielding a cursed -3 club
             ... led by Robin
              (2 damage)
             ... on level 2 of the Dungeon.
             The game lasted 00:02:26 (1200 turns).

Spazmo the Firebug (Deep Elf Fire Elementalist)     Turns: 1200, Time: 00:02:26

Health: 0/15       AC:  3    Str:  5    XL:     2   Next: 86%
Magic:  0/8        EV: 13    Int: 19    God:
Gold:   61         SH:  0    Dex: 15    Spells: 4/7 levels left

rFire    . . .     SeeInvis .   g - +0 short sword
rCold    . . .     Gourm    .   (no shield)
rNeg     . . .     Faith    .   a - +0 robe
rPois    .         Spirit   .   (no helmet)
rElec    .         Reflect  .   e - +0 cloak
rCorr    .         Harm     .   (no gloves)
MR       .....                  (no boots)
Stlth    ++........             (no amulet)
HPRegen  0.05/turn              (no ring)
MPRegen  0.11/turn              (no ring)

@: no status effects
A: no striking features
a: no special abilities


You were on level 2 of the Dungeon.
You were not hungry.

You visited 1 branch of the dungeon, and saw 2 of its levels.

You collected 61 gold pieces.

Inventory:

Hand Weapons
 d - a +2 vampiric dagger
 g - a +0 short sword (weapon)
Armour
 a - a +0 robe (worn)
 e - a +0 cloak (worn)
Scrolls
 j - a scroll of magic mapping {unknown}
Potions
 h - a potion of curing {unknown}
 i - a potion of brilliance
Books
 b - a book of Flames

   Spells                             Type                      Level
   a - Flame Tongue                   Conjuration/Fire             1
   b - Throw Flame                    Conjuration/Fire             2
   c - Conjure Flame                  Conjuration/Fire             3
   d - Inner Flame                    Hexes/Fire                   3
   e - Sticky Flame                   Conjuration/Fire             4
   f - Fireball                       Conjuration/Fire             5
Comestibles
 c - 2 bread rations
 f - 2 chunks of flesh


   Skills:
 + Level 2.8 Dodging
 + Level 2.9 Stealth
 + Level 3.4 Spellcasting
 + Level 1.7 Conjurations
 + Level 3.5 Fire Magic


You had 4 spell levels left.
You knew the following spells:

 Your Spells              Type           Power        Failure   Level  Hunger
a - Flame Tongue          Conj/Fire      ##...        4%          1    None
b - Throw Flame           Conj/Fire      ##....       8%          2    ##.....


Dungeon Overview and Level Annotations

Branches:
Dungeon (2/15)

Altars:

Annotations:
D:2 Robin


Message History

The flame tongue misses the goblin.
The goblin shouts!
The goblin no longer looks unusually strong.
The goblin closely misses you.
The goblin moves out of view.
The goblin barely misses you. The goblin closely misses you.
Robin roars a battlecry!
The goblins go into a battle-frenzy!
You hit the goblin but do no damage. The goblin closely misses you.
The goblin hits you but does no damage. The goblin hits you.
The goblin unwields an uncursed dagger.
The goblin wields a hunting sling.
The goblin shoots a stone.
The stone misses you. The goblin hits you but does no damage.
Robin roars a battlecry!
The goblin goes into a battle-frenzy!
Found a meat ration.
You see here a stone.
The goblin shoots a stone.
The stone hits you!
* * * LOW HITPOINT WARNING * * *
The goblin hits you with a club.
You die...

...##############
##..#............#
...#.##########.#
#.$#...# #.#
#..#.#.########.# #
#..#<#.#......#.#
#...#..#g#.#g####.#.#
.......@g...gg).>.#.#
##..##...g.#.#....#.####
....g#.###.#....#.....
......#.# #.#....#.####
.......#.# #.#.g..#.#
.##....#.. ..#g...#.###
#.%..#######....#...#
.....#....##....#.#.#
#.......#.#.##


You could see Robin, a hobgoblin and 5 goblins.

Vanquished Creatures
  2 leopard geckos (D:1)
  A giant cockroach (D:1)
  3 goblins
  8 hobgoblins
  2 bats
  A frilled lizard (D:1)
  A kobold (D:1)
  2 rats
20 creatures vanquished.

Notes
Turn   | Place    | Note
-------+----------+-------------------------------------------
     0 | D:1      | Spazmo the Deep Elf Fire Elementalist began the quest for the Orb.
     0 | D:1      | Reached XP level 1. HP: 10/10 MP: 6/6
   216 | D:1      | Reached XP level 2. HP: 15/15 MP: 5/8
   220 | D:1      | Learned a level 2 spell: Throw Flame
  1167 | D:2      | Noticed Robin
  1200 | D:2      | Slain by a goblin

Vault maps used:
D:1:      shiori_arrival_oz
D:2:      lemuel_round_altar, uniq_natasha, uniq_sigmund, uniq_robin

Action                   || total
-------------------------++-------
Melee: Short sword       ||     1
 Cast: Flame Tongue      ||    41
  Use: Scroll            ||     2
  Eat: Chunk             ||     1
Armor: Robe              ||     3
Dodge: Dodged            ||    13

Table legend:
 A = Spawn XP
 B = Non-spawn XP
 C = Spawn XP percentage of total XP
 D = Spawn monster count
 E = Non-spawn monster count
 F = Spawn count percentage of total count
 G = Total turns spent on level
                    A         B        C        D         E        F      G
               +---------+---------+-------+---------+---------+-------+---------
         Total |       0 |      37 |   0.0 |       0 |      20 |   0.0 |  1200
               +---------+---------+-------+---------+---------+-------+---------
           D:1 |       0 |      24 |   0.0 |       0 |      13 |   0.0 |   967
           D:2 |       0 |      13 |   0.0 |       0 |       7 |   0.0 |   233
               +---------+---------+-------+---------+---------+-------+---------
